Azazel, chaotic male elven Wizard ------- |.....-####------ ---------------- ---------- |.....| #|....-# |..............| -------- ##.........| |......# #|....|# #...............| |......| # |........| |.....|# #|....|# #|........>.....| |......| ### |........| |.....|# #|....|% #|...........(...# |......| # |........| -------# #-....|# #----------------# |......-## |........| # #------# ### # ---.---- -.-------- # ## # # # # ##### # # # # # ### # # # # # # # #h@ #### # # # # ### ) #------# # # ### # ## #|..>..########*######################### ### --.--- #|....| #-------# ###----------.---- |.^..| #.....-#######.......# #..<...........| |....| ------ |.....| |.............. |.0..| ------- --------------- ------ Azazel the Conjurer Experience level: 3 Strength: 12 Dexterity: 14 Constitution: 11 Intelligence: 20 Wisdom: 10 Charisma: 9 Health: 0(19) Energy: 30(30) AC: 8 Gold: 227 Moves: 628 Your Inventory: Coins $ - 227 gold pieces Weapons a - a blessed +1 quarterstaff s - 7 [blessed +1] arrows (in quiver) t - an [uncursed +0] bow (weapon in hand) Armor b - an uncursed +0 cloak of magic resistance (being worn) n - an [uncursed] +0 iron skull cap [orcish helm] (being worn) Comestibles p - 2 [uncursed] cram rations q - an [uncursed] egg r - an [uncursed] tin [of gecko meat] Scrolls i - 2 uncursed scrolls of identify j - an uncursed scroll of light Spellbooks k - a blessed spellbook of force bolt l - an uncursed spellbook of light Potions f - an uncursed potion of confusion g - an uncursed potion of sickness h - a blessed potion of levitation Rings d - an uncursed +1 ring of gain strength e - an uncursed ring of sustain ability Wands c - an uncursed wand of undead turning (0:8) o - an [uncursed] wand of striking [0:6] Tools m - an uncursed leather drum Spells known in the end: Name Level Category Fail Memory a - force bolt 1 attack 0% [||||||||] b - light 1 divination 0% [||||||||] Your skills at the end: Fighting Skills Weapon Skills quarterstaff [Basic / Expert] Spellcasting Skills attack spells [Basic / Expert] enchantment spells [Basic / Skilled] Final Attributes: You were fervently aligned. Hunger level was 247. Your alignment was 12 / 13. Monster difficulty range was 0 - 2. Level difficulty was 2. You were magic-protected. You saw invisible. You had infravision. Your luck was zero. You are dead. Vanquished creatures: 4 gnomes 2 geckos a fox a goblin a lichen 6 newts 15 creatures vanquished. Voluntary challenges: You were an atheist. You went without food. You were illiterate. You used a wielded weapon 7 times. You put on armor 2 times. You never genocided any monsters. You never polymorphed an object. You never changed form. You used no wishes. You never wrote Elbereth's name. You never encountered a bones level. You never used any Sokoban shortcuts. Dungeon overview: The Dungeons of Doom: levels 1 to 3 Level 1 some fountains a long staircase Level 2 <- You were here stairs to The Gnomish Mines The Gnomish Mines: Level 3 stairs to The Dungeons of Doom History has recorded: On T:1 you entered the Dungeons of Doom to retrieve the Amulet of Yendor! On T:229 you reached level 2 of The Dungeons of Doom. On T:302 you reached level 3 of The Dungeons of Doom. On T:354 you reached level 1 of The Gnomish Mines. On T:357 you advanced to experience level 2. On T:364 you advanced to experience level 3. Latest messages: You try to move the boulder, but in vain. Click! You trigger a rolling boulder trap! You are hit by a boulder. Click! You trigger a rolling boulder trap! You are hit by a boulder! [HP-13=3] Click! The kitten triggers a rolling boulder trap. The boulder hits the kitten! You displaced your kitten. You escape a rolling boulder trap. You escape a rolling boulder trap. [HP+1=4] You displaced your kitten. The hobbit throws an elven dagger! You are almost hit by an elven dagger. The hobbit hits! [HP-1=3] The hobbit hits! You die... Final status: Goodbye Azazel the Wizard... You died in The Dungeons of Doom on dungeon level 2 with 477 points, and 227 pieces of gold, after 628 moves. You were level 3 with a maximum of 19 hit points when you died.